 Dungeon Crawl Stone Soup version 0.29.1-1-gd02db6906a (webtiles) character file.

Game seed: 12985061710725051558

28 Leon the Insei (level 3, 0/30 HPs)
             Began as a Tengu Transmuter on Sept 26, 2022.
             Succumbed to an adder's poison
             ... on level 2 of the Dungeon.
             The game lasted 00:01:52 (1878 turns).

Leon the Insei (Tengu Transmuter)                   Turns: 1878, Time: 00:01:52

Health: 0/30       AC: 21    Str: 12    XL:     3   Next: 14%
Magic:  7/7        EV:  2    Int: 19    God:
Gold:   64         SH:  0    Dex: 14    Spells: 5/6 levels left

rFire   . . .      SeeInvis .     - Unarmed
rCold   . . .      Faith    .   (no shield)
rNeg    . . .      Spirit   .   (body armour currently unavailable)
rPois   +          Reflect  .   (helmet currently unavailable)
rElec   .          Harm     .   (cloak currently unavailable)
rCorr   .          Rampage  .   (gloves currently unavailable)
Will    .....      NoTele   +   (boots unavailable)
Stlth   +.........              (no amulet)
HPRegen 0.10/turn               h - +6 ring of intelligence
MPRegen 0.10/turn               (no ring)

@: brilliant, lethally poisoned (0 -> -3), tree-form, hasted, very quick
A: stationary, stasis, torment immunity, boosted hp, (beak), (talons 3)
a: no special abilities


You were on level 2 of the Dungeon.
You were a tree.
You visited 1 branch of the dungeon, and saw 2 of its levels.

You collected 64 gold pieces.

Inventory:

Armour
 a - a +0 robe (melded)
Jewellery
 h - a +6 ring of intelligence (left branch)
   (You found it on level 1 of the Dungeon)
Scrolls
 d - a scroll of torment {unknown}
 e - a scroll of identify {unknown}
 f - 2 scrolls of amnesia {unknown}
 g - a scroll of brand weapon {unknown}
 i - a scroll of silence {unknown}
Potions
 c - a potion of haste


   Skills:
 - Level 1.0 Fighting
 - Level 2.1 Dodging
 + Level 4.6 Unarmed Combat
 - Level 2.0 Spellcasting
 - Level 1.5 Transmutations


You had 5 spell levels left.
You knew the following spells:

 Your Spells              Type           Power      Damage    Failure   Level
a - Beastly Appendage     Tmut           22%        N/A       9%          1

Your spell library contained the following spells:

 Spells                   Type           Power      Damage    Failure   Level
 Wereblood                Tmut           11%        N/A       14%         2
 Freeze                   Ice            8%         1d3       17%         1
 Spider Form              Tmut/Pois      7%         N/A       36%         3
 Ice Form                 Ice/Tmut       7%         N/A       77%         4


Dungeon Overview and Level Annotations

Branches:
Dungeon (2/15)

Altars:


Innate Abilities, Weirdness & Mutations

You are a tree.
Your roots penetrate the ground, keeping you stationary.
You cannot be teleported.
You are immune to unholy pain and torment.
Your maximum health is greatly increased.
Your equipment is partially melded.
((You have a beak for a mouth.))
((You have claws for feet.))


Message History

Welcome, Leon the Tengu Transmuter.
A smirking vizier told you that the Orb of Zot is just within this dungeon.
Press ? for a list of commands and other information.
Found an escape hatch in the floor.
Found a staircase leading out of the dungeon.
There is a fountain of clear blue water here.
There is an escape hatch in the floor here.
There is a fountain of clear blue water here.
A bat comes into view.
A bat is nearby!
A bat is nearby!
A bat is nearby!
The bat barely misses you.
Found a sedimented coppery potion.
The bat hits you but does no damage. The bat closely misses you.
The bat closely misses you. The bat barely misses you.
You barely miss the bat. You peck the bat.
The bat is severely wounded.
The bat hits you but does no damage. The bat hits you but does no damage.
You see here a sedimented coppery potion.
A bat is nearby!
The bat closely misses you. The bat barely misses you.
You closely miss the bat. Your kick misses the bat.
The bat is severely wounded.
The bat closely misses you.
You closely miss the bat.
The bat is severely wounded.
The bat closely misses you.
A bat is nearby!
The bat barely misses you. The bat misses you. The bat completely misses you.
The bat barely misses you. The bat hits you.
You hit the bat.
You kill the bat!
No target in view!
HP restored.
c - a sedimented coppery potion You open the door.
There is an open door here.
A goblin comes into view. It is wielding a +0 dagger.
A goblin is nearby!
You open the door.
There is an open door here.
The goblin shouts!
The goblin misses you.
You hit the goblin.
You kill the goblin!
No target in view!
No target in view!
You open the door.
There is an open door here.
A goblin comes into view. It is wielding a +0 dagger.
Found 9 gold pieces.
A goblin is nearby!
A goblin is nearby!
You see here 9 gold pieces.
The goblin shouts!
You hit the goblin. Your kick misses the goblin.
The goblin is severely wounded.
The goblin hits you but does no damage.
You closely miss the goblin. Your kick misses the goblin.
The goblin is severely wounded.
The goblin hits you with a +0 dagger.
You barely miss the goblin. You claw the goblin, but do no damage.
Your peck misses the goblin.
The goblin is severely wounded.
The goblin hits you but does no damage.
A goblin is nearby!
You hit the goblin but do no damage. Your peck misses the goblin.
The goblin is severely wounded.
The goblin hits you with a +0 dagger.
* * * LOW HITPOINT WARNING * * *
You are too injured to fight recklessly!
You barely miss the goblin. Your kick misses the goblin.
The goblin is severely wounded.
The goblin misses you.
You barely miss the goblin. You peck the goblin.
You kill the goblin!
You start resting.
HP restored.
You now have 9 gold pieces.
You open the door.
Found a stone staircase leading down.
There is an open door here.
There is a stone staircase leading down here.
An endoplasm comes into view.
An endoplasm is nearby!
An endoplasm is nearby!
The endoplasm quivers.
Casting: Beastly Appendage (safe; 14% risk of failure)
Confirm with . or Enter, or press ? or * to list all spells.
You miscast Beastly Appendage.
You are very lightly contaminated with residual magic.
Nothing appears to happen.
You hit the endoplasm.
You kill the endoplasm!
No target in view!
No target in view!
Your magical contamination has completely faded away.
Magic restored.
Found a stone staircase leading down.
Found a ring mail.
A jackal comes into view.
A jackal is nearby!
A jackal is nearby!
A jackal comes into view.
Found 18 gold pieces.
You grow a pair of large bovine horns.
The jackal barks!
You see here a scroll labelled HATWUO EMESM.
Your transformation is almost over.
The jackal bites you.
You hit the jackal. You claw the jackal.
You kill the jackal!
The jackal closely misses you.
An endoplasm comes into view.
A bat comes into view.
You barely miss the jackal.
The endoplasm quivers.
Your peck misses the jackal. The jackal misses you.
You closely miss the jackal. You claw the jackal. You peck the jackal.
You kill the jackal!
You have reached level 2!
The bat hits you but does no damage.
You barely miss the bat. You headbutt the bat.
You kill the bat!
Your horns disappear.
You grow a pair of large bovine horns.
An endoplasm is nearby!
The endoplasm hits you.
You hit the endoplasm. You peck the endoplasm.
You kill the endoplasm!
Your Unarmed Combat skill increases to level 4!
No target in view!
Your transformation is almost over.
Your horns disappear.
d - a scroll labelled HATWUO EMESM
e - a scroll labelled UBEIDU LUPPAM
Found a mace.
You now have 23 gold pieces (gained 14).
You now have 41 gold pieces (gained 18).
A giant cockroach comes into view.
A giant cockroach is nearby!
A giant cockroach is nearby!
A giant cockroach is nearby!
You grow a pair of large bovine horns.
Your transformation is almost over.
You hit the giant cockroach. Your punch misses the giant cockroach.
The giant cockroach is almost dead.
The giant cockroach closely misses you.
You completely miss the giant cockroach.
You headbutt the giant cockroach, but do no damage.
You peck the giant cockroach, but do no damage.
The giant cockroach is almost dead.
The giant cockroach bites you but does no damage.
You closely miss the giant cockroach. Your peck misses the giant cockroach.
The giant cockroach is almost dead.
The giant cockroach bites you.
You closely miss the giant cockroach. Your kick misses the giant cockroach.
The giant cockroach is almost dead.
The giant cockroach bites you. x2
You barely miss the giant cockroach. Your kick misses the giant cockroach.
Your headbutt misses the giant cockroach.
You peck the giant cockroach.
You kill the giant cockroach!
Your horns disappear.
A frilled lizard comes into view.
You see here a giant cockroach corpse.
A frilled lizard is nearby!
The frilled lizard closely misses you.
You closely miss the frilled lizard. Your peck misses the frilled lizard.
The frilled lizard barely misses you.
You barely miss the frilled lizard. Your peck misses the frilled lizard.
The frilled lizard barely misses you.
You hit the frilled lizard.
You kill the frilled lizard!
You miscast Beastly Appendage.
You are very lightly contaminated with residual magic.
Nothing appears to happen.
Your magical contamination has completely faded away.
You now have 54 gold pieces (gained 13).
Found a club.
A kobold comes into view. It is wielding a +0 dagger.
The kobold shouts!
A kobold is nearby!
The kobold hits you but does no damage.
You grow a pair of large bovine horns.
Your transformation is almost over.
The kobold hits you with a +0 dagger.
You barely miss the kobold. Your kick misses the kobold.
The kobold barely misses you.
You hit the kobold.
You kill the kobold!
No target in view!
No target in view!
Your horns disappear.
Things that are here:
a +0 dagger; a kobold corpse A ball python comes into view.
A ball python is nearby!
A ball python is nearby!
The ball python hisses angrily.
The ball python bites you. The ball python barely misses you.
You grow a pair of large bovine horns.
The ball python barely misses you. The ball python closely misses you.
You barely miss the ball python. Your kick misses the ball python.
You headbutt the ball python.
You kill the ball python!
No target in view!
No target in view!
Your transformation is almost over.
Your horns disappear.
Found a faded altar of an unknown god.
Found 7 stones.
f - a scroll labelled KEBIZOAKIE No target in view!
No target in view!
No target in view!
A hobgoblin comes into view.
The hobgoblin shouts!
There is a faded altar of an unknown god here.
You see here Plato's Octavo of Congelation.
A hobgoblin is nearby!
A hobgoblin is nearby!
You pick up Plato's Octavo of Congelation and begin reading...
You add the spell Freeze to your library.
The hobgoblin is caught in a web!
A hobgoblin is nearby!
The hobgoblin pulls away from the web.
You grow a pair of large bovine horns.
Your transformation is almost over.
The hobgoblin evades a web.
You barely miss the hobgoblin. You claw the hobgoblin.
You kill the hobgoblin!
No target in view!
No target in view!
Your horns disappear.
g - a scroll labelled SUDUUNUONUN You now have 64 gold pieces (gained 10).
A frilled lizard comes into view.
A frilled lizard is nearby!
The frilled lizard hisses angrily.
The frilled lizard closely misses you.
You barely miss the frilled lizard. You claw the frilled lizard.
You kill the frilled lizard!
No target in view!
h - a +6 ring of intelligence
There is an open door here.
A bat comes into view.
A bat is nearby!
You feel clever.
h - a +6 ring of intelligence (left hand)
A bat is nearby!
The bat hits you. x2
You hit the bat.
You kill the bat!
No target in view!
No target in view!
i - a scroll labelled CORGHU UDODICETZ You see here a +0 mace.
A kobold comes into view. It is wielding a +0 dagger.
A kobold is nearby!
A kobold is nearby!
You grow a pair of large bovine horns.
The kobold shouts!
A goblin comes into view. It is wielding a +0 dagger of speed.
The goblin moves out of view.
Found a sedimented coppery potion.
Your transformation is almost over.
The kobold completely misses you.
You closely miss the kobold.
The goblin shouts!
Your kick misses the kobold. Your peck misses the kobold.
The kobold closely misses you.
You closely miss the kobold. You claw the kobold, but do no damage.
You peck the kobold.
The kobold is moderately wounded.
The kobold hits you with a +0 dagger.
You closely miss the kobold.
The kobold is moderately wounded.
The kobold hits you but does no damage.
You closely miss the kobold. You claw the kobold.
The kobold is severely wounded.
The goblin barely misses you. The kobold barely misses you.
You hit the kobold.
You kill the kobold!
The goblin hits you with a +0 dagger of speed.
You closely miss the goblin. You claw the goblin. You headbutt the goblin.
You kill the goblin!
No target in view!
No target in view!
No target in view!
Your horns disappear.
Things that are here:
a +0 dagger of speed; a goblin corpse
Found a stone staircase leading down.
Found 3 stones.
c - 2 sedimented coppery potions (gained 1)
Found a scale mail.
You see here a +0 scale mail.
j - a lumpy white potion
f - 2 scrolls labelled KEBIZOAKIE (gained 1) Key pressed, stopping explore.
There is a stone staircase leading down here.
A giant cockroach comes into view.
A giant cockroach is nearby!
A giant cockroach is nearby!
You grow a pair of large bovine horns.
You closely miss the giant cockroach. You claw the giant cockroach.
You peck the giant cockroach.
The giant cockroach is almost dead.
The giant cockroach closely misses you.
You hit the giant cockroach but do no damage.
The giant cockroach is almost dead.
The giant cockroach misses you.
You barely miss the giant cockroach. Your kick misses the giant cockroach.
You peck the giant cockroach, but do no damage.
You punch the giant cockroach, but do no damage.
The giant cockroach is almost dead.
The giant cockroach closely misses you.
You hit the giant cockroach.
You kill the giant cockroach!
No target in view!
Your transformation is almost over.
You see here a giant cockroach corpse.
You see here a giant cockroach corpse.
Your horns disappear.
Done exploring.
Done exploring.
Done exploring.
(D) Dungeon
Where to? (? - help)
There is a stone staircase leading down here.
You climb downwards.
There is a stone staircase leading up here.
Found a stone staircase leading up.
You open the door.
A worm comes into view.
A worm is nearby!
You grow a pair of large bovine horns.
There is an open door here.
The worm bites you.
You are too injured to fight recklessly!
You are too injured to fight recklessly!
You are too injured to fight recklessly!
You hit the worm. You claw the worm. Your peck misses the worm.
The worm is heavily wounded.
The worm bites you.
* * * LOW HITPOINT WARNING * * *
Found a dagger.
Your horns disappear.
There is a stone staircase leading up here.
You climb upwards.
There is a stone staircase leading down here.
You start resting.
You start resting.
HP restored.
There is a stone staircase leading down here.
You climb downwards.
There is a stone staircase leading up here.
A quokka comes into view.
A quokka is nearby!
A quokka is nearby!
You miscast Beastly Appendage.
You are very lightly contaminated with residual magic.
Nothing appears to happen.
You closely miss the quokka. Your kick misses the quokka.
The quokka closely misses you.
You hit the quokka. Your kick misses the quokka.
The quokka is heavily wounded.
The quokka bites you.
You barely miss the quokka. Your kick misses the quokka.
The quokka is heavily wounded.
The quokka misses you.
You barely miss the quokka. Your kick misses the quokka.
Your peck misses the quokka.
The quokka is heavily wounded.
The quokka bites you but does no damage.
You completely miss the quokka. Your kick misses the quokka.
The quokka is heavily wounded.
The quokka closely misses you.
You miscast Beastly Appendage.
Nothing appears to happen.
The quokka barely misses you.
Unknown command.
You grow a pair of large bovine horns.
Your transformation is almost over.
The quokka bites you.
* * * LOW HITPOINT WARNING * * *
You closely miss the quokka. Your headbutt misses the quokka.
The quokka is heavily wounded.
The quokka bites you but does no damage.
You hit the quokka.
You kill the quokka!
You start resting.
Your magical contamination has completely faded away.
You start resting.
Your horns disappear.
Magic restored.
You start resting.
HP restored.
Found a stone staircase leading down.
You see here a quokka corpse.
A hobgoblin comes into view.
The hobgoblin moves out of view.
A hobgoblin, an endoplasm and a kobold come into view.
The endoplasm quivers.
You miscast Beastly Appendage.
You are very lightly contaminated with residual magic.
Nothing appears to happen.
The kobold shouts!
You swing at nothing.
You swing at nothing.
Casting: Beastly Appendage (safe; 9% risk of failure)
Confirm with . or Enter, or press ? or * to list all spells.
You grow a pair of large bovine horns.
You swing at nothing.
You hit the endoplasm but do no damage. You headbutt the endoplasm.
You kill the endoplasm!
You have reached level 3!
Your experience leads to an increase in your attributes!
Your base attributes are Str 10, Int 13, Dex 14.
Increase (S)trength, (I)ntelligence, or (D)exterity?
You feel stronger. x2
You closely miss the hobgoblin. You claw the hobgoblin.
You headbutt the hobgoblin. You peck the hobgoblin.
The hobgoblin is severely wounded.
The hobgoblin hits you.
Your magical contamination has completely faded away.
You closely miss the hobgoblin. Your peck misses the hobgoblin.
The hobgoblin is severely wounded.
The hobgoblin hits you.
You hit the hobgoblin.
You kill the hobgoblin!
You barely miss the kobold. You peck the kobold.
The kobold is moderately wounded.
Your transformation is almost over.
The kobold barely misses you.
You hit the kobold.
The kobold is severely wounded.
The kobold hits you with a +0 short sword.
You hit the kobold but do no damage. Your kick misses the kobold.
The kobold is severely wounded.
The kobold hits you but does no damage.
You punch the kobold!
You kill the kobold!
You swing at nothing.
Unknown command.
Your horns disappear.
Magic restored.
Things that are here:
a +0 short sword; a kobold corpse; a hobgoblin corpse You enter the shallow water.
Moving in this stuff is going to be slow.
A rat comes into view.
A rat is nearby!
A rat is nearby!
A rat is nearby!
You grow a pair of large bovine horns.
You hit the rat.
You kill the rat!
No target in view!
Your transformation is almost over.
A goblin comes into view. It is wielding a +0 dagger.
A goblin is nearby!
A goblin is nearby!
The goblin shouts!
You extend your transformation's duration.
Your transformation is almost over.
The goblin misses you.
You completely miss the goblin. You headbutt the goblin.
You kill the goblin!
A hobgoblin comes into view.
Found 6 stones.
You enter the shallow water.
Moving in this stuff is going to be slow.
The hobgoblin shouts!
A goblin comes into view. It is wielding a +0 club.
The goblin shouts!
A nearby plant withers and dies.
You enter the shallow water.
Moving in this stuff is going to be slow.
An adder comes into view.
The adder hisses angrily.
Your unstable footing causes you to fumble your attack.
The hobgoblin hits you but does no damage.
Your unstable footing causes you to fumble your attack.
Your horns disappear.
The hobgoblin closely misses you. The adder attacks as you move away!
The adder completely misses you. The adder bites you.
Casting: Beastly Appendage (safe; 9% risk of failure)
Confirm with . or Enter, or press ? or * to list all spells.
You grow a pair of large bovine horns.
The adder barely misses you.
The hobgoblin hits the plant.
The plant begins to die.
The adder closely misses you.
You hit the adder. Your headbutt misses the adder. Your peck misses the adder.
The adder is heavily wounded.
A rat comes into view.
The adder bites you.
The hobgoblin hits the plant.
You closely miss the adder.
The adder is heavily wounded.
The adder bites you.
The hobgoblin hits the plant.
You miss the adder. Your headbutt misses the adder.
The adder is heavily wounded.
The adder bites you.
* * * LOW HITPOINT WARNING * * *
The hobgoblin hits the plant.
You hit the adder. Your kick misses the adder.
The adder is severely wounded.
Your transformation is almost over.
The adder closely misses you.
You miss the adder.
The adder is severely wounded.
The adder closely misses you.
The hobgoblin splashes around in the water.
The adder bites you.
* * * LOW HITPOINT WARNING * * *
You are lethally poisoned!
The adder poisons you!
Really quaff the potion of lignification?
Your horns disappear.
You turn into a tree.
Your +0 robe melds into your body.
Your roots penetrate the ground.
* * * LOW HITPOINT WARNING * * *
You feel sick.
A nearby plant withers and dies.
The adder barely misses you.
It was a potion of haste.
You feel yourself speed up.
* * * LOW HITPOINT WARNING * * *
You feel sick.
The hobgoblin hits you but does no damage.
The adder bites you but does no damage.
It was a potion of brilliance.
You feel clever all of a sudden.
* * * LOW HITPOINT WARNING * * *
You feel sick. The adder bites you but does no damage. The hobgoblin hits you.
* * * LOW HITPOINT WARNING * * *
The goblin splashes around in the water.
You barely miss the adder.
The adder is severely wounded.
The adder barely misses you.
The hobgoblin hits you but does no damage.
The goblin splashes around in the water.
You barely miss the adder.
The adder is severely wounded.
You die...

#.#
##..~~≈≈~.#.
#.# #.~≈≈≈~..#
#.# #..~≈≈~..#
#.# #.~≈≈≈~..#
#.# #.~~≈≈≈~.#
# ###
#...≈~~..#.#
....#).~≈≈.....
#...P~≈~~.##
#.#.~♣≈~~.#
#.#.~gS~~.#
#...rPg~...#
#..~~~~≈~..#
#(.P≈~≈≈~P...#
#..~≈≈≈≈~...##
#..~≈≈≈~~...#
#..P~≈≈~....#
..~~≈≈≈~..#.#


You could see an adder, a hobgoblin, a goblin and a rat.

Vanquished Creatures
  3 endoplasms
  2 giant cockroaches (D:1)
  2 hobgoblins
  2 jackals (D:1)
  3 kobolds
  A quokka (D:2)
  A ball python (D:1)
  3 bats (D:1)
  2 frilled lizards (D:1)
  4 goblins
  A rat (D:2)
24 creatures vanquished.

Vanquished Creatures (others)
  4 plants (D:2)
4 creatures vanquished.

Grand Total: 28 creatures vanquished

Notes
Turn   | Place    | Note
-------+----------+-------------------------------------------
     0 | D:1      | Leon the Tengu Transmuter began the quest for the Orb.
     0 | D:1      | Reached XP level 1. HP: 12/12 MP: 4/4
    55 | D:1      | HP: 5/12 [goblin/+0 dagger (3)]
   292 | D:1      | Reached XP level 2. HP: 14/16 MP: 6/6
   302 | D:1      | Reached skill level 4 in Unarmed Combat
   616 | D:1      | Found a faded altar of an unknown god.
   626 | D:1      | Got Plato's Octavo of Congelation
  1302 | D:2      | HP: 4/16 [worm (6)]
  1604 | D:2      | HP: 8/16 [quokka (3)]
  1762 | D:2      | Reached XP level 3. HP: 20/20 MP: 4/7
  1871 | D:2      | HP: 9/20 [adder (4)]
  1876 | D:2      | HP: 4/30 [poisoned by an adder]
  1876 | D:2      | HP: 1/30 [hobgoblin (3)]
  1878 | D:2      | Succumbed to an adder's poison

Illustrated notes

Levels and vault maps discovered:
D:1:      lemuel_arrival_hallway, layout_basic,
          shapermc_ecumenical_altar_rom_forum, hex_large
D:2:      layout_basic, serial_park_tiny_2, chequers_big_river,
          minmay_misc_feat_rugged

Skill      XL: |  1  2 |
---------------+-------+-----
Unarmed Combat | 4 |  4.6
Fighting       | |  1.0
Dodging        | |  2.1
Spellcasting   | |  2.0
Transmutations | |  1.5

Action                   || total
-------------------------++-------
Melee: Unarmed           ||    68
       Kick              ||    11
       Peck              ||    11
       Headbutt          ||     7
       Punch             ||     1
 Cast: Beastly Appendage ||    14
  Use: Potion            ||     3
Armor: Robe              ||    13
       Skin              ||     4
Dodge: Dodged            ||    46
